AoeStats
← A Delicious Pot Roast

Black Forest

514520232Analyzed
4v4 RM · 2d ago on Oct 18, 2026· 52m 28s· 8 players
Game mode
Random Map
Map size
Large (8 player)
Population
200
Speed
Normal
Resources
Standard
Victory
Conquest
Starting age
Dark Age
Ending age
Imperial Age
RankedLock teamsTeams togetherTeam positionsShared explorationLock speedFull tech treeHidden civsTurbo modeCheats
Victory
Defeat
🇺🇸 Mongols · United States
671
+9
🇺🇸 Britons · United States
642
+10
🇰🇷 Burgundians · South Korea
641
+10
637
+10
vs
🇮🇳 Britons · India
569
-12
🇺🇸 Armenians · United States
557
-11
🇨🇾 Teutons · Cyprus
476
-9
🇨🇳 Wei · China
406
-7
Elite Savage
gokulsurya003
0:49 Loom
13:27 Feudal Age
16:28 Wheelbarrow
15:38 Town Watch
16:48 Gold Mining
17:51 Double-Bit Axe
24:10 Castle Age
22:45 Stone Mining
22:37 Horse Collar
25:08 Padded Archer Armor
24:58 Fletching
26:37 Leather Archer Armor
26:18 Bodkin Arrow
28:05 Bow Saw
33:07 Imperial Age
32:16 Husbandry
33:56 Hand Cart
33:47 Town Patrol
35:07 Bodkin Arrow
36:30 Fishing Lines
40:29 Elite Longbowman
41:12 Gillnets
42:12 Ballistics
44:09 Chemistry
43:07 Murder Holes
A Delicious Pot Roast
3:03 Loom
14:39 Feudal Age
17:12 Stone Mining
21:37 Castle Age
22:11 Double-Bit Axe
25:58 Gold Mining
26:16 Fletching
27:59 Bodkin Arrow
29:36 Bow Saw
29:31 Padded Archer Armor
32:06 Ballistics
32:03 Leather Archer Armor
35:12 Wheelbarrow
37:10 Imperial Age
35:40 Wheelbarrow
36:53 Hand Cart
38:35 Fortified Wall
40:58 Chemistry
39:41 Elite Composite Bowman
42:00 Gold Shaft Mining
42:12 Conscription
46:50 Scale Mail Armor
46:24 Pikeman
47:48 Chain Mail Armor
47:08 Halberdier
DoneHealer17475
0:46 Loom
15:41 Feudal Age
17:07 Town Watch
17:59 Wheelbarrow
17:14 Horse Collar
17:30 Double-Bit Axe
25:49 Gold Mining
30:00 Castle Age
28:01 Stone Mining
29:52 Arson
30:24 Bloodlines
31:10 Hand Cart
31:10 Bow Saw
31:04 Heavy Plow
30:32 Elite Skirmisher
32:49 Coinage
32:24 Town Patrol
33:08 Fletching
33:29 Forging
34:16 Caravan
34:51 Scale Mail Armor
34:51 Padded Archer Armor
34:57 Scale Barding Armor
35:39 Ballistics
35:26 Bodkin Arrow
40:16 Imperial Age
37:48 Crossbowman
39:23 Stone Shaft Mining
39:44 Chain Mail Armor
39:45 Leather Archer Armor
39:57 Squires
39:35 Pikeman
42:07 Iron Casting
41:32 Arrowslits
43:42 Chemistry
43:02 Halberdier
Woollala
0:27 Loom
10:53 Wheelbarrow
15:17 Feudal Age
14:06 Double-Bit Axe
14:03 Horse Collar
16:39 Hand Cart
16:35 Bow Saw
16:41 Heavy Plow
25:29 Castle Age
24:35 Stone Mining
24:38 Gold Mining
27:18 Two-Man Saw
26:51 Crop Rotation
31:08 Forging
31:30 Murder Holes
41:03 Imperial Age
39:29 Burgundian Vineyards
40:18 Iron Casting
40:20 Gold Shaft Mining
40:22 Stone Shaft Mining
39:59 Town Watch
41:35 Scale Barding Armor
43:02 Chemistry
43:05 Blast Furnace
42:29 Conscription
43:02 Chain Barding Armor
43:58 Elite Coustillier
46:17 Ballistics
45:38 Treadmill Crane
46:08 Masonry
47:47 Plate Barding Armor
49:39 Fletching
52:21 Hoardings
陪然然等花开
12:50 Feudal Age
17:52 Castle Age
15:40 Double-Bit Axe
15:49 Gold Mining
16:00 Fishing Lines
19:35 Wheelbarrow
19:35 Fervor
20:00 Bow Saw
19:46 Gillnets
19:45 Horse Collar
21:00 Hand Cart
28:33 Treadmill Crane
29:14 Ballistics
31:44 Imperial Age
30:23 Masonry
30:17 Heavy Plow
30:19 Stone Mining
31:38 Scale Barding Armor
31:44 Forging
33:00 Conscription
33:50 Iron Casting
34:20 Two-Man Saw
33:52 Husbandry
34:03 Bloodlines
33:14 Cavalier
34:16 Elite Leitis
35:05 Paladin
37:15 Chemistry
38:18 Hoardings
37:42 Murder Holes
38:18 Architecture
38:28 Chain Barding Armor
39:55 Fortified Wall
40:31 Plate Barding Armor
39:46 Fletching
40:21 Hill Forts
42:33 Bodkin Arrow
oneal321
0:30 Loom
17:37 Feudal Age
19:51 Double-Bit Axe
19:50 Horse Collar
25:03 Castle Age
23:52 Fletching
26:15 Bow Saw
26:19 Heavy Plow
26:33 Caravan
27:56 Bodkin Arrow
28:04 Padded Archer Armor
28:33 Squires
27:59 Pikeman
34:22 Yeomen
33:58 Arson
40:50 Imperial Age
39:18 Murder Holes
39:45 Ballistics
39:38 Masonry
39:51 Leather Archer Armor
39:38 Scale Mail Armor
39:50 Forging
39:47 Scale Barding Armor
41:19 Husbandry
42:13 Wheelbarrow
41:45 Bracer
41:39 Arrowslits
42:58 Chemistry
43:45 Conscription
44:44 Two-Man Saw
44:24 Elite Longbowman
47:25 Architecture
47:30 Ring Archer Armor
48:50 Hand Cart
50:25 Town Watch
(Aztlan905)
0:30 Loom
13:22 Feudal Age
14:46 Double-Bit Axe
17:47 Horse Collar
18:33 Gold Mining
21:48 Castle Age
21:25 Forging
22:08 Stone Mining
23:07 Bow Saw
23:36 Bloodlines
27:31 Wheelbarrow
27:28 Town Watch
28:20 Heavy Plow
33:38 Hand Cart
34:05 Iron Casting
34:10 Town Patrol
37:28 Imperial Age
35:55 Scale Barding Armor
36:32 Gold Shaft Mining
36:01 Fletching
37:00 Stone Shaft Mining
37:44 Masonry
37:55 Ballistics
38:40 Siege Engineers
39:40 Chemistry
38:36 Bodkin Arrow
40:25 Blast Furnace
39:45 Chain Barding Armor
39:27 Bracer
38:55 Elite Steppe Lancer
39:16 Elite Mangudai
40:20 Conscription
40:13 Padded Archer Armor
41:33 Leather Archer Armor
42:20 Drill
42:10 Siege Engineers
42:36 Parthian Tactics
41:46 Elite Steppe Lancer
42:28 Husbandry
42:47 Caravan
44:13 Thumb Ring
45:54 Heavy Camel Rider
48:14 Elite Mangudai
51:15 Arson
51:31 Squires
Connection lost

Rejoining the realm…

Still unreachable

The connection could not be restored.

Session expired

The server has moved on; the page needs a fresh start.